 Dungeon Crawl Stone Soup version 0.18.1-50-g88ac8fd (webtiles) character file.

129 Krapule the Skirmisher (level 5, -1/43 HPs)
             Began as a Formicid Abyssal Knight on Oct 21, 2016.
             Was a Believer of Lugonu.
             Slain by an adder (4 damage)
             ... on level 3 of the Dungeon.
             The game lasted 00:06:48 (2186 turns).

Krapule the Skirmisher (Formicid Abyssal Knight)    Turns: 2186, Time: 00:06:49

Health: -1/43      AC: 10    Str: 17    XL:     5   Next: 35%
Magic:  6/6        EV:  7    Int: 12    God:    Lugonu [**....]
Gold:   96         SH:  0    Dex: 10    Spells: 0 memorised, 4 levels left

rFire  . . .     SeeInvis +     a - +1 mace
rCold  . . .     Gourm    .     d - -2 chain mail
rNeg   . . .     Faith    .     (no shield)
rPois  .         Spirit   .     (helmet unavailable)
rElec  .         Dismiss  .     (no cloak)
rCorr  .         Reflect  .     h - +2 pair of gloves
SustAt .         Harm     .     (no boots)
MR     .....                    (no amulet)
Stlth  ..........               (no ring)
                                (no ring)

@: lethally poisoned (-1 -> -3), not resistant to hostile enchantments,
extremely unstealthy
A: permanent stasis, dig shafts and tunnels, four strong arms, antennae 3
a: Dig, Shaft Self, Depart the Abyss, Bend Space, Renounce Religion


You were on level 3 of the Dungeon.
You worshipped Lugonu.
Lugonu was pleased with you.
You were hungry.

You visited 1 branch of the dungeon, and saw 3 of its levels.
You visited the Abyss 1 time.

You collected 96 gold pieces.

Inventory:

Hand Weapons
 a - a +1 mace (weapon)
Missiles
 l - 7 javelins (quivered)
Armour
 b - a +0 leather armour
 d - a -2 chain mail (worn)
 h - a +2 pair of gloves (worn)
Jewellery
 q - a +3 ring of dexterity {unknown}
Scrolls
 e - 2 scrolls of remove curse
 g - 4 scrolls of teleportation {unknown}
 i - a scroll of magic mapping {unknown}
 k - a scroll of fog {unknown}
 n - 3 scrolls of identify {unknown}
 r - a scroll of enchant weapon {unknown}
Potions
 f - a potion of heal wounds {unknown}
 j - 2 potions of curing {unknown}
 p - a potion of degeneration {unknown}
 s - a potion of mutation {unknown}
Comestibles
 c - 3 bread rations
 m - a beef jerky
 o - a slice of pizza


   Skills:
 + Level 4.5 Fighting
 + Level 3.0 Maces & Flails
 + Level 3.5 Armour
 + Level 1.2 Dodging
 + Level 2.2 Invocations


You had 4 spell levels left.
You didn't know any spells.

Dungeon Overview and Level Annotations

Branches:
Dungeon (3/15)

Altars:


Innate Abilities, Weirdness & Mutations

You are under a permanent stasis effect.
You can dig through walls and to a lower floor.
Your four strong arms can wield two-handed weapons with a shield.
You have a pair of large antennae on your head (SInv).


Message History

The gnoll hits you from afar with a halberd!
The adder closely misses you.
You hit the adder.
The adder is heavily wounded.
The gnoll hits you from afar with a halberd.
The adder bites you.
* * * LOW HITPOINT WARNING * * *
You feel sick. The adder misses you.
You feel sick. The adder bites you.
* * * LOW HITPOINT WARNING * * *
You are more poisoned.
The adder poisons you!
You feel sick.
You feel sick. The adder bites you.
* * * LOW HITPOINT WARNING * * *
You feel sick. The adder barely misses you.
You feel sick.
You feel sick. The adder bites you.
You die...

#.##.....###.....#
#.....#
#.###....##.....<#
#####.#
#.....>.##.#.....# #g#
#####.#.#.##.....# #.#
#.##.########### #g#
#.#### ##.## #.# #.#
##g#{## #.#
#.##########S###g###{#
#........##@## ##{g{.#
#........###.###.#####
#........####.#.##
#..............##
##.......#######
#...<...# #########


You could see a gnoll and an adder.

Vanquished Creatures
  5 adders
  3 gnolls (D:2)
  An ooze (D:1)
  A worm (D:2)
  3 giant geckos
  5 bats
  2 giant cockroaches
  7 goblins
  6 hobgoblins
  6 kobolds
  A quokka (D:2)
  4 giant newts
  4 rats
48 creatures vanquished.

Notes
Turn   | Place    | Note
--------------------------------------------------------------
     0 | Abyss:1  | Krapule the Formicid Abyssal Knight began the quest for the Orb.
     0 | Abyss:1  | Reached XP level 1. HP: 18/18 MP: 2/2
    84 | Abyss:1  | Noticed a smoke demon
    85 | D:1      | Escaped the Abyss
   378 | D:1      | Reached XP level 2. HP: 13/24 MP: 3/3
   389 | D:1      | Reached * piety under Lugonu
   625 | D:1      | Reached skill level 4 in Fighting
   625 | D:1      | Reached XP level 3. HP: 30/30 MP: 4/4
   984 | D:2      | Reached skill level 1 in Dodging
   993 | D:2      | Reached XP level 4. HP: 17/38 MP: 5/5
  1387 | D:2      | Reached XP level 5. HP: 32/43 MP: 6/6
  1535 | D:2      | Reached ** piety under Lugonu
  2186 | D:3      | Slain by an adder

Skill      XL: |  1  2  3  4  5 |
---------------+----------------+-----
Fighting       | 4 |  4.5
Dodging        | 1 |  1.2
Armour         | 3 |  3.5
Maces & Flails | 3 |  3.0
Invocations    | |  2.2

Action                   |  1- 3 |  4- 6 || total
-------------------------+-------+-------++-------
Melee: Mace              |    83 |    93 ||   176
Invok: Depart the Abyss  |     1 |       ||     1
  Use: Scroll            |     1 |       ||     1
  Eat: Chunk             |       |     4 ||     4
Armor: Chain mail        |    49 |    80 ||   129
Dodge: Dodged            |    33 |    62 ||    95
